 Dungeon Crawl Stone Soup version 0.18.1-50-g88ac8fd (webtiles) character file.

115357 varam the Fencer (level 16, -13/135 HPs)
             Began as a Minotaur Hunter on Oct 9, 2016.
             Was a High Priest of Okawaru.
             Killed from afar by Nikola (15 damage)
             ... with a chain lightning
             ... on level 1 of the Swamp on Oct 10, 2016.
             The game lasted 02:11:04 (33253 turns).

varam the Fencer (Minotaur Hunter)                 Turns: 33253, Time: 02:11:05

Health: -13/135    AC: 31    Str: 31    XL:     16   Next: 18%
Magic:  20/20      EV: 16    Int: 12    God:    Okawaru [*****.]
Gold:   2765       SH:  0    Dex: 15    Spells: 0 memorised, 15 levels left

rFire  . . .     SeeInvis +     a - +6 hand crossbow "Iha Hywnoinn" {freeze, rF- Str+9 SInv Stlth-}
rCold  . . .     Gourm    +     B - +2 plate armour {rF+}
rNeg   . . .     Faith    .     (no shield)
rPois  +         Spirit   .     M - +1 hat {Int+3}
rElec  .         Dismiss  .     O - +0 cloak
rCorr  .         Reflect  .     G - +1 pair of gloves
SustAt .         Harm     .     Q - +0 pair of boots of Subjectivity {+Inv rPois Str+3}
MR     +....                    R - amulet of the gourmand
Stlth  ..........               I - ring of poison resistance
                                S - +2 ring of protection

@: heroism, somewhat resistant to hostile enchantments, extremely unstealthy
A: retaliatory headbutt, horns 2
a: Heroism, Finesse, Renounce Religion, Evoke Invisibility


You were on level 1 of the Swamp.
You worshipped Okawaru.
Okawaru was extremely pleased with you.
You were full.

You visited 5 branches of the dungeon, and saw 27 of its levels.
You also visited: Bailey.

You collected 3329 gold pieces.
You spent 564 gold pieces at shops.

Inventory:

Hand Weapons
 a - the +6 hand crossbow "Iha Hywnoinn" (weapon) {freeze, rF- Str+9 SInv Stlth-}
   (You found it on level 2 of the Lair of Beasts)

   It causes projectiles fired from it to freeze those they strike, causing
   extra injury to most foes and up to half again as much damage against
   particularly susceptible opponents.
   They can also slow down cold-blooded creatures.
   It affects your strength (+9).
   It makes you vulnerable to fire.
   It lets you see invisible.
   It makes you less stealthy.
 b - a +4 great sword of holy wrath
 w - the +13 sword of the Doom Knight {pain, -Cast MR+}
   (You found it on level 7 of the Dungeon)

   In the hands of one skilled in necromantic magic, it inflicts extra damage on
   living creatures.
   It affects your resistance to hostile enchantments.
   It prevents spellcasting.
 x - a +2 great sword of flaming
 J - the +0 triple sword of Disgust {speed, +Inv rN+ MR- Stlth+}
   (Okawaru gifted it to you on level 15 of the Dungeon)

   Attacks with this weapon are significantly faster.
   It protects you from negative energy.
   It affects your resistance to hostile enchantments.
   It lets you turn invisible.
   It makes you more stealthy.
Missiles
 d - 357 bolts (quivered)
Armour
 B - a +2 plate armour of fire resistance (worn)
 G - a +1 pair of gloves (worn)
 M - a +1 hat of intelligence (worn)
 O - a +0 cloak (worn)
 Q - the +0 pair of boots of Subjectivity (worn) {+Inv rPois Str+3}
   (You bought it in a shop on level 6 of the Dungeon)

   It affects your strength (+3).
   It protects you from poison.
   It lets you turn invisible.
Jewellery
 e - an uncursed ring of resist corrosion {unknown}
 I - a ring of poison resistance (right hand)
 R - an amulet of the gourmand (around neck)
 S - a +2 ring of protection (left hand)
Scrolls
 g - a scroll of identify
 j - 11 scrolls of teleportation
 l - 4 scrolls of fog
 v - a scroll of blinking
 F - 12 scrolls of remove curse
 H - 3 scrolls of fear
Potions
 c - a potion of cancellation
 i - 3 potions of invisibility
 o - 2 potions of resistance
 A - 4 potions of haste
 C - 6 potions of curing
 K - a potion of might
 X - 2 potions of agility
Books
 h - a book of Envenomations

   Spells                             Type                      Level
   a - Spider Form                    Transmutation/Poison         3
   b - Olgreb's Toxic Radiance        Poison                       4
   c - Alistair's Intoxication        Transmutation/Poison         5
   d - Poisonous Cloud                Conjuration/Poison/Air       6
Comestibles
 f - 17 bread rations
 P - 11 royal jellies


   Skills:
 + Level 10.5(15.5) Fighting
 - Level 18.0(23.0) Long Blades
   Level 2.9(7.9) Axes
 * Level 16.4(21.4) Crossbows
 + Level 16.8(21.8) Armour
 - Level 7.5(12.5) Dodging
 - Level 0.7(5.7) Stealth
 - Level 7.0 Invocations


You had 15 spell levels left.
You didn't know any spells.

Dungeon Overview and Level Annotations

Branches:
Dungeon (15/15)            Temple (1/1) D:6            Lair (8/8) D:10
  Swamp (1/4) Lair:5        Snake (0/4) Lair:3        Slime (0/6) Lair:7
    Orc (2/2) D:11            Elf (0/3) Orc:2        Vaults (0/5) D:13
 Depths (0/5) D:15

Altars:
Ashenzari
Cheibriados
Dithmenos
Elyvilon
Fedhas
Gozag
Kikubaaqudgha
Makhleb
Nemelex Xobeh
Okawaru
Pakellas
Qazlal
Ru
Sif Muna
Trog
Vehumet
Xom
Yredelemnul
Zin
The Shining One

Shops:
D:6 [!   D:9 =   D:11 [   D:12 *   Orc:2 }=*(*!!

Portals:
Trove: D:12 (give wand of hasting (9))

Annotations:
D:9 Philosophy's ghost, novice MiBe
Swamp:1 Nikola


Innate Abilities, Weirdness & Mutations

You reflexively headbutt those who attack you in melee.
You have a pair of horns on your head.


Message History

Firing (i - inventory):
d - 359 bolts (quivered)
Press: ? - help, Shift-Dir - straight line, f - Nikola, p - alligator
Aim: Nikola, wielding a rapier of electrocution, wearing an embroidered cloak and wearing a pair of gloves (almost dead)
You shoot a bolt. The bolt closely misses Nikola.
The alligator barely misses you.
The alligator tail-slaps you but does no damage.
Firing (i - inventory):
d - 358 bolts (quivered)
Press: ? - help, Shift-Dir - straight line, f/p - Nikola
Aim: Nikola, wielding a rapier of electrocution, wearing an embroidered cloak and wearing a pair of gloves (almost dead)
You shoot a bolt. The bolt completely misses Nikola.
Nikola casts a spell.
You hear a mighty clap of thunder!
The lightning arc hits the alligator.
The lightning arc hits you!
* * * LOW HITPOINT WARNING * * *
The lightning arc hits the alligator.
The alligator dies!
The lightning arc hits you!
* * * LOW HITPOINT WARNING * * *
The lightning arc hits Nikola.
The lightning arc hits you!
You die...

♣♣≈♣..≈♣♣§≈≈≈≈♣
♣♣♣♣≈....♣♣♣.....♣
♣♣.♣♣.≈≈..♣
≈.♣♣♣.♣
♣♣≈≈..≈≈..♣♣ ≈..
.♣ ♣(..♣..≈..♣ ≈♣
♣ ♣♣≈.♣♣.≈.♣♣
♣.≈@....♣♣
♣♣.≈≈≈..§♣
♣..†≈.@≈♣♣
♣♣.(..†.....♣
♣♣(..(.###.♣
♣........
♣..(#.#(.#
♣..##)#... ♣..
.....†. ♣. ..
(##.#


You could see Nikola.

Vanquished Creatures
  Saint Roka (Orc:2)
  Kirke (Lair:5)
  A fire giant (D:15)
  The ghost of Vatticson the Bludgeoner, a journeyman HOBe of Trog (Orc:2)
  The ghost of Philosophy the Bludgeoner, a journeyman MiBe of Trog (Lair:5)
  5 hydras
  Harold (Lair:1)
  A centaur warrior (D:13)
  Urug (D:13)
  18 death yaks
  4 orc high priests (Orc:2)
  Nergalle (Lair:3)
  Sonja (D:10)
  3 skeletal warriors (D:15)
  6 hill giants
  5 orc knights
  2 griffons
  7 orc sorcerers
  4 ugly things
  A manticore (D:12)
  5 cyclopes
  9 elephants
  A black mamba (shapeshifter) (D:13)
  2 centaur zombies
  6 black mambas
  A naga mage (Lair:3)
  A torpor snail (Lair:4)
  2 gargoyles (D:15)
  33 spiny frogs
  6 rime drakes
  An efreet (D:14)
  A kobold demonologist (D:15)
  9 komodo dragons
  A queen bee (D:14)
  A tengu conjurer (D:15)
  2 jumping spiders (shapeshifter) (D:13)
  7 trolls
  Grinder (D:3)
  4 two-headed ogres
  8 giant leeches
  11 slime creatures
  28 blink frogs
  A boulder beetle (Lair:6)
  2 bog bodies
  Sigmund (D:3)
  2 shadows
  82 yaks
  3 wyverns
  7 hippogriffs
  3 hogs (Lair:6)
  Grum (D:8)
  4 hungry ghosts
  7 vampire mosquitoes
  3 basilisks
  2 swamp worms (Swamp:1)
  A mottled dragon (D:12)
  3 wargs (Orc:1)
  Edmund (D:6)
  11 water moccasins
  12 porcupines
  2 swamp drakes (Swamp:1)
  A wasp (Swamp:1)
  38 orc warriors
  2 phantoms (D:9)
  An eye of draining (D:14)
  3 ice beasts
  8 sky beasts
  18 ogres
  2 necrophages
  15 wolves
  18 crocodiles
  12 centaurs
  7 big kobolds
  24 giant frogs
  A wyvern zombie (D:13)
  3 gnoll sergeants (D:11)
  4 scorpions
  46 killer bees
  16 wights
  6 howler monkeys
  3 electric eels (Lair:8)
  11 jellies
  2 quasits
  3 crimson imps
  22 orc priests
  2 giant frog zombies
  9 hounds
  27 orc wizards
  Crazy Yiuf (D:7)
  2 centaur skeletons
  4 giant frog skeletons
  Jessica (D:2)
  Terence (D:3)
  Natasha (D:2)
  5 iguanas
  12 worker ants
  21 sheep
  6 gnolls
  2 howler monkey skeletons
  15 adders
  66 river rats
  A shadow imp (D:15)
  17 oozes
  2 worms (D:4)
  2 adder skeletons
  2 dart slugs
  7 giant geckos
  80 orcs
  8 bats
  2 bat zombies (D:8)
  5 giant cockroaches
  10 goblins
  13 hobgoblins
  8 jackals
  5 quokkas
  5 ball pythons
  A ball python skeleton (D:6)
  A giant gecko zombie (D:7)
  4 giant newts
  A jackal skeleton (D:4)
  32 kobolds
  10 rats
  A rat zombie (D:8)
  3 fungi (Lair:8)
  A plant (Lair:6)
1015 creatures vanquished.

Vanquished Creatures (others)
  2 alligators (Swamp:1)
  An orc wizard (D:5)
  A river rat (Lair:6)
  A rat (Lair:6)
  A bush (Lair:8)
  49 fungi
  22 plants
77 creatures vanquished.

Grand Total: 1092 creatures vanquished

Notes
Turn   | Place    | Note
--------------------------------------------------------------
     0 | D:1      | varam the Minotaur Hunter began the quest for the Orb.
     0 | D:1      | Reached XP level 1. HP: 18/18 MP: 0/0
   220 | D:1      | Reached XP level 2. HP: 25/25 MP: 1/1
   748 | D:1      | Reached skill level 5 in Crossbows
   748 | D:1      | Reached XP level 3. HP: 19/30 MP: 2/2
   782 | D:2      | Noticed Jessica
   783 | D:2      | Killed Jessica
   888 | D:2      | Reached XP level 4. HP: 32/38 MP: 3/3
  1256 | D:3      | Noticed Natasha
  1256 | D:3      | Noticed an ice beast
  1280 | D:2      | Killed Natasha
  1300 | D:3      | Killed an ice beast
  1300 | D:3      | Reached XP level 5. HP: 37/46 MP: 4/4
  1339 | D:3      | Found a blossoming altar of Fedhas.
  1458 | D:3      | Noticed Terence
  1466 | D:3      | Noticed Sigmund
  1470 | D:3      | Noticed Grinder
  1471 | D:3      | Killed Sigmund
  1471 | D:3      | Reached XP level 6. HP: 53/53 MP: 5/5
  1489 | D:3      | Killed Grinder
  1489 | D:3      | Reached skill level 5 in Fighting
  1489 | D:3      | Reached XP level 7. HP: 48/61 MP: 6/6
  1647 | D:3      | Killed Terence
  1732 | D:3      | Found a bloodstained altar of Trog.
  1761 | D:3      | Found a glowing golden altar of the Shining One.
  2733 | D:4      | Reached skill level 5 in Dodging
  3334 | D:4      | Found a sacrificial altar of Ru.
  3626 | D:4      | Reached XP level 8. HP: 66/70 MP: 7/7
  3707 | D:5      | Entered Level 5 of the Dungeon
  3936 | D:6      | Found Uloceatu's Distillery.
  3940 | D:6      | Found an oddly glowing altar of Pakellas.
  3945 | D:6      | Bought a potion of heal wounds for 70 gold pieces
  3945 | D:6      | Bought a potion of curing for 42 gold pieces
  3945 | D:6      | Bought a potion of curing for 42 gold pieces
  3945 | D:6      | Bought a potion of heal wounds for 70 gold pieces
  3945 | D:6      | Bought a potion of curing for 42 gold pieces
  3945 | D:6      | Bought a potion of curing for 42 gold pieces
  4675 | D:5      | Reached skill level 10 in Crossbows
  4999 | D:5      | Reached skill level 1 in Axes
  4999 | D:5      | Reached skill level 1 in Armour
  5141 | D:5      | Found an opulent altar of Gozag.
  5199 | D:6      | Found a sparkling altar of Nemelex Xobeh.
  5496 | D:6      | Found a white marble altar of Elyvilon.
  5513 | D:6      | Found Enaisapu's Antique Armour Shop.
  5644 | D:6      | Found a stormy altar of Qazlal.
  5666 | D:6      | Found a basalt altar of Yredelemnul.
  5714 | D:6      | Found a staircase to the Ecumenical Temple.
  5719 | Temple   | Entered the Ecumenical Temple
  5964 | D:6      | Found an iron altar of Okawaru.
  5978 | D:6      | Became a worshipper of Warmaster Okawaru
  6068 | D:6      | Reached XP level 9. HP: 56/79 MP: 8/8
  6374 | D:6      | Noticed Edmund
  6421 | D:6      | Killed Edmund
  6614 | D:6      | Found a shimmering altar of Xom.
  7040 | D:7      | Reached * piety under Okawaru
  7162 | D:7      | Got a twisted mace
  7163 | D:7      | Identified the cursed +2 mace of Spring {crush, Stlth+} (You found it on level 7 of the Dungeon)
  7335 | D:7      | Found a shadowy altar of Dithmenos.
  7581 | D:7      | Reached skill level 1 in Long Blades
  7647 | D:7      | Noticed Crazy Yiuf
  7650 | D:7      | Killed Crazy Yiuf
  7978 | D:8      | Noticed Grum
  7984 | D:7      | Reached skill level 2 in Long Blades
  7989 | D:7      | Reached skill level 3 in Long Blades
  8089 | D:8      | Reached skill level 5 in Armour
  8095 | D:8      | Killed Grum
  8336 | D:8      | Reached skill level 4 in Long Blades
  8615 | D:8      | Reached skill level 5 in Long Blades
  8668 | D:8      | Noticed a hill giant
  8691 | D:8      | Killed a hill giant
  8691 | D:8      | Reached ** piety under Okawaru
  8691 | D:8      | Reached skill level 6 in Long Blades
  8691 | D:8      | Reached XP level 10. HP: 6/86 MP: 9/9
  9277 | D:8      | Reached skill level 7 in Long Blades
  9711 | D:8      | Reached skill level 8 in Long Blades
  9877 | D:8      | Reached *** piety under Okawaru
  9927 | D:8      | Found an ancient bone altar of Kikubaaqudgha.
  9994 | D:9      | Noticed Philosophy's ghost (novice MiBe)
 10101 | D:9      | Found a deep blue altar of Sif Muna.
 10210 | D:9      | Found Moubb's Jewellery Shoppe.
 10346 | D:6      | Bought a pair of faintly humming boots for 256 gold pieces
 10356 | D:6      | Identified the +0 pair of boots of Subjectivity {+Inv rPois Str+3} (You bought it in a shop on level 6 of the Dungeon)
 10522 | D:9      | Reached skill level 9 in Long Blades
 10571 | D:10     | Entered Level 10 of the Dungeon
 10581 | D:10     | Found a staircase to the Lair.
 10599 | Lair:1   | Entered Level 1 of the Lair of Beasts
 10868 | Lair:1   | Noticed a four-headed hydra
 11354 | D:10     | Reached skill level 10 in Long Blades
 11793 | D:11     | Reached **** piety under Okawaru
 11826 | D:11     | Identified 2 scrolls of acquirement
 12021 | D:11     | Reached XP level 11. HP: 85/91 MP: 10/10
 12355 | D:11     | Reached skill level 11 in Long Blades
 12420 | D:11     | Found Xeacriuc's Armour Shoppe.
 12773 | D:11     | Found a staircase to the Orcish Mines.
 12790 | D:11     | Reached ***** piety under Okawaru
 12803 | D:11     | Reached skill level 10 in Armour
 12816 | D:11     | Reached skill level 12 in Long Blades
 12881 | D:11     | Noticed a hill giant
 12904 | D:10     | Noticed Sonja
 12907 | D:10     | Received a gift from Okawaru
 12909 | D:10     | Killed Sonja
 14184 | D:9      | Reached skill level 13 in Long Blades
 14205 | D:9      | Received a gift from Okawaru
 14303 | D:11     | Killed a hill giant
 14670 | D:11     | Received a gift from Okawaru
 14678 | D:11     | Reached XP level 12. HP: 100/100 MP: 11/11
 14732 | D:12     | Reached skill level 14 in Long Blades
 15336 | D:12     | Found a flagged portal.
 15372 | Bailey   | Entered a bailey
 15964 | D:12     | Found Fooleq's Assorted Antiques.
 15983 | D:12     | Found a portal to a secret trove of treasure.
 16330 | D:13     | Noticed a centaur warrior
 16341 | D:13     | Killed a centaur warrior
 16341 | D:13     | Reached skill level 15 in Long Blades
 16473 | D:13     | Noticed a hell hog
 16484 | D:13     | Noticed a ghost crab
 16484 | D:13     | a snapping turtle changed into a ghost crab
 16491 | D:13     | Found a gate to the Vaults.
 16502 | D:13     | Noticed Urug
 16515 | D:13     | Killed Urug
 16777 | D:13     | Received a gift from Okawaru
 17373 | D:14     | Found a shadowy altar of Dithmenos.
 17379 | D:14     | Received a gift from Okawaru
 17495 | D:14     | Reached skill level 16 in Long Blades
 17553 | D:14     | Reached skill level 1 in Invocations
 17656 | D:14     | Found a stormy altar of Qazlal.
 17929 | D:15     | Entered Level 15 of the Dungeon
 17943 | D:15     | Reached XP level 13. HP: 105/105 MP: 13/13
 18309 | D:15     | Received a gift from Okawaru
 18310 | D:15     | Got a bloodstained triple sword {god gift}
 18321 | D:15     | Identified the +0 triple sword of Disgust {speed, +Inv rN+ MR- Stlth+} (Okawaru gifted it to you on level 15 of the Dungeon)
 18815 | D:15     | Found a staircase to the Depths.
 18819 | D:15     | Noticed a fire giant
 18845 | D:15     | Killed a fire giant
 19055 | Lair:1   | Received a gift from Okawaru
 19282 | Lair:1   | Noticed Harold
 19297 | Lair:1   | Killed Harold
 19297 | Lair:1   | Received a gift from Okawaru
 20285 | Lair:2   | Reached skill level 5 in Invocations
 20452 | Lair:2   | Got a warped hand crossbow
 20454 | Lair:2   | Identified the +6 hand crossbow "Iha Hywnoinn" {freeze, rF- Str+9 SInv Stlth-} (You found it on level 2 of the Lair of Beasts)
 20583 | Lair:2   | Received a gift from Okawaru
 21200 | Lair:3   | Received a gift from Okawaru
 21200 | Lair:3   | Reached XP level 14. HP: 97/113 MP: 17/17
 21285 | Lair:3   | Noticed Nergalle
 21295 | Lair:3   | Killed Nergalle
 21697 | Lair:3   | Received a gift from Okawaru
 21810 | Lair:3   | Found a staircase to the Snake Pit.
 22278 | Lair:4   | Reached skill level 17 in Long Blades
 23791 | Lair:5   | Noticed Philosophy's ghost (journeyman MiBe)
 23814 | Lair:5   | Killed Philosophy's ghost
 23814 | Lair:5   | Received a gift from Okawaru
 23859 | Lair:5   | Reached skill level 15 in Armour
 24023 | Lair:5   | Found a staircase to the Swamp.
 24136 | Lair:5   | Received a gift from Okawaru
 24380 | Lair:6   | Noticed Kirke
 24929 | Lair:5   | Noticed a sphinx
 24932 | Lair:5   | Killed Kirke
 24932 | Lair:5   | Received a gift from Okawaru
 25183 | Lair:7   | Received a gift from Okawaru
 25598 | Lair:7   | Received a gift from Okawaru
 25779 | Lair:7   | Reached skill level 18 in Long Blades
 25886 | Lair:7   | Reached XP level 15. HP: 112/118 MP: 19/19
 25895 | Lair:7   | Received a gift from Okawaru
 25992 | Lair:7   | Found a staircase to the Slime Pits.
 26253 | Lair:8   | Entered Level 8 of the Lair of Beasts
 26272 | Lair:7   | Received a gift from Okawaru
 26967 | Lair:7   | Received a gift from Okawaru
 27424 | Lair:8   | Received a gift from Okawaru
 27535 | Lair:8   | Received a gift from Okawaru
 28267 | Lair:8   | Reached skill level 15 in Crossbows
 29767 | Orc:1    | Entered Level 1 of the Orcish Mines
 29832 | Orc:2    | Entered Level 2 of the Orcish Mines
 29832 | Orc:2    | Found Usanut's Distillery.
 30342 | Orc:1    | Received a gift from Okawaru
 30560 | Orc:2    | Found Nuac's General Store.
 30577 | Orc:2    | Found Yhiesah's Distillery.
 30712 | Orc:2    | Noticed Saint Roka
 30738 | Orc:2    | Killed Saint Roka
 30792 | Orc:2    | Noticed Vatticson's ghost (journeyman HOBe)
 30907 | Orc:2    | Killed Vatticson's ghost
 30907 | Orc:2    | Reached skill level 10 in Fighting
 30925 | Orc:2    | Found a staircase to the Elven Halls.
 31475 | Orc:2    | Reached XP level 16. HP: 124/134 MP: 17/20
 32041 | Orc:2    | Found Yroz's Gadget Emporium.
 32041 | Orc:2    | Found Itwoidi's Antique Weapon Shop.
 32045 | Orc:2    | Found Goxzutug's General Store.
 32045 | Orc:2    | Found Amneo's Jewellery Emporium.
 32496 | Swamp:1  | Entered Level 1 of the Swamp
 33223 | Swamp:1  | Noticed Nikola
 33253 | Swamp:1  | HP: 2/135 [Nikola/chain lightning (16)]
 33253 | Swamp:1  | Killed from afar by Nikola

Skill      XL: |  1  2  3  4  5  6  7  8  9 10 11 12 13 14 15 |
---------------+----------------------------------------------+-----
Crossbows      | 5 6 7 8 10 12 13 16 | 16.4
Fighting       | 3 4 5 7 10 | 10.5
Dodging        | 3 4 5 6 7 |  7.5
Axes           | 1 2 |  2.9
Armour         | 2 6 9 11 12 14 15 16 | 16.8
Long Blades    | 6 10 13 16 18 | 18.0
Invocations    | 1 5 7 |  7.0
Stealth        | |  0.7

Action                   |  1- 3 |  4- 6 |  7- 9 | 10-12 | 13-15 | 16-18 || total
-------------------------+-------+-------+-------+-------+-------+-------++-------
Melee: Short sword       |     9 |       |       |       |       |       ||     9
       Headbutt          |     3 |       |     8 |    94 |   253 |    27 ||   385
       Club              |     2 |       |     6 |       |       |       ||     8
       Hand crossbow     |       |       |     2 |       |       |       ||     2
       War axe           |       |       |     7 |       |       |       ||     7
       Great sword       |       |       |    43 |   607 |  1099 |    93 ||  1842
       Triple sword      |       |       |       |       |     6 |       ||     6
 Fire: Hand crossbow     |    49 |    72 |   368 |   133 |   318 |    78 ||  1018
Invok: Heroism           |       |       |       |    27 |    37 |     2 ||    66
       Finesse           |       |       |       |     1 |     7 |       ||     8
  Use: Scroll            |       |     6 |     2 |    11 |    12 |       ||    31
       Potion            |       |       |     3 |     7 |       |     2 ||    12
 Stab: Sleeping          |       |       |     1 |     1 |       |       ||     2
       Invisible         |       |       |       |       |       |     3 ||     3
  Eat: Chunk             |       |     2 |    14 |    55 |    48 |     2 ||   121
       Bread ration      |       |       |     1 |       |       |       ||     1
       Royal jelly       |       |       |     1 |       |       |       ||     1
       Meat ration       |       |       |     1 |       |       |       ||     1
Armor: Leather armour    |    10 |     4 |    52 |    53 |       |       ||   119
       Plate armour      |       |       |       |   172 |   493 |    32 ||   697
Dodge: Dodged            |    13 |     8 |   133 |   301 |   541 |    48 ||  1044
Block: Shield            |       |       |    21 |       |       |       ||    21
